 Dungeon Crawl Stone Soup version 0.22.0-49-gab54619674 (webtiles) character file.

81 Erymatos the Skirmisher (level 4, 41/41 HPs)
             Began as a Minotaur Berserker on Sept 5, 2018.
             Was a Believer of Trog.
             Quit the game on level 2 of the Dungeon.
             The game lasted 00:02:55 (1193 turns).

Erymatos the Skirmisher (Minotaur Berserker)        Turns: 1193, Time: 00:02:56

Health: 41/41      AC:  6    Str: 22    XL:     4   Next: 20%
Magic:  3/3        EV: 11    Int:  4    God:    Trog [**....]
Gold:   112        SH:  0    Dex: 10    Spells: 3/3 levels left

rFire    . . .     SeeInvis .   a - +0 hand axe
rCold    . . .     Gourm    .   (no shield)
rNeg     . . .     Faith    .   d - +1 ring mail
rPois    .         Spirit   .   (helmet restricted)
rElec    .         Reflect  .   (no cloak)
rCorr    .         Harm     .   (no gloves)
MR       .....     Rnd*Tele +   (no boots)
Stlth    ..........             (no amulet)
HPRegen  0.13/turn              h - ring of teleportation (curse)
MPRegen  0.08/turn              (no ring)

@: no status effects
A: retaliatory headbutt, horns 2
a: Berserk, Trog's Hand, Renounce Religion


You were on level 2 of the Dungeon.
You worshipped Trog.
Trog was pleased with you.
You were not hungry.

You visited 1 branch of the dungeon, and saw 2 of its levels.

You collected 112 gold pieces.

Inventory:

Hand Weapons
 a - a +0 hand axe (weapon)
Armour
 b - a +0 animal skin
 d - a +1 ring mail (worn)
Jewellery
 h - a cursed ring of teleportation (left hand)
Scrolls
 e - 3 scrolls of teleportation {unknown}
 f - a scroll of noise {unknown}
 g - 2 scrolls of enchant armour
 j - 3 scrolls of identify {unknown}
 m - a scroll of blinking {unknown}
Potions
 i - a potion of agility {unknown}
 k - a potion of mutation {unknown}
 l - a potion of brilliance {unknown}
 n - a potion of berserk rage {unknown}
 o - a potion of curing {unknown}
Comestibles
 c - a ration


   Skills:
 + Level 4.8 Fighting
 + Level 4.7 Axes
 + Level 2.8 Armour
 + Level 2.6 Dodging


You had 3 spell levels left.
You didn't know any spells.
Your spell library was empty.

Dungeon Overview and Level Annotations

Branches:
Dungeon (2/15)

Altars:
Nemelex Xobeh


Innate Abilities, Weirdness & Mutations

You reflexively headbutt those who attack you in melee.
You have a pair of horns on your head.


Message History

No target in view!
Partly explored, can't reach some places.
No target in view!
Partly explored, can't reach some places.
No target in view!
Unknown command.
Partly explored, can't reach some places.
No target in view!
No target in view!
Partly explored, can't reach some places.
No target in view!
No target in view!
Partly explored, can't reach some places.
No target in view!
Partly explored, can't reach some places.
No target in view!
As you read the scroll labeled ETROIMO SUNYOT, it crumbles to dust.
It is a scroll of enchant armour.
Your +0 ring mail glows green for a moment.
Are you sure you want to abandon this character and quit the game? (Confirm

#.>##.###......###....
#................(....
#####.##..............
###.###.........###.
#.).# #........## #.
###.### #......### #.
###...# #......# ##
#...#######......# #.
##.###..@##.......# #.
#..# #............####
#. #.##
#.....####......###.
#..###...###
######..... ##..######
#...... ##..>#
######...... ###.###
#...##......
#...######.#.########
###...##.._..#####


There were no monsters in sight!

Vanquished Creatures
  3 adders (D:2)
  An ooze (D:2)
  3 dart slugs
  4 leopard geckos
  A ball python (D:1)
  2 giant cockroaches
  A goblin (D:1)
  2 hobgoblins
  5 jackals (D:1)
  A quokka (D:2)
  2 bats
  3 frilled lizards (D:1)
  7 kobolds
  5 rats
40 creatures vanquished.

Notes
Turn   | Place    | Note
-------+----------+-------------------------------------------
     0 | D:1      | Erymatos the Minotaur Berserker began the quest for the
                  | Orb.
     0 | D:1      | Reached XP level 1. HP: 19/19 MP: 0/0
   184 | D:1      | Reached XP level 2. HP: 18/27 MP: 1/1
   442 | D:1      | Reached ** piety under Trog
   515 | D:1      | Reached XP level 3. HP: 32/34 MP: 2/2
  1019 | D:2      | Reached XP level 4. HP: 41/41 MP: 3/3
  1140 | D:2      | Found a sparkling altar of Nemelex Xobeh.
  1193 | D:2      | Quit the game

Skill      XL: |  1  2 |
---------------+-------+-----
Fighting       | 4 |  4.8
Axes           | 4 |  4.7
Armour         | |  2.8
Dodging        | |  2.6

Action                   |  1- 3 |  4- 6 || total
-------------------------+-------+-------++-------
Melee: Hand axe          |    74 |     7 ||    81
       Headbutt          |    12 |     3 ||    15
Invok: Berserk           |     1 |       ||     1
  Use: Scroll            |       |     1 ||     1
  Eat: Chunk             |     1 |     1 ||     2
Armor: Animal skin       |     7 |       ||     7
       Ring mail         |    13 |     2 ||    15
Dodge: Dodged            |    42 |     1 ||    43
